 Dungeon Crawl Stone Soup version 0.30-a0-553-g7fabdf1491 (webtiles) character file.

Game seed: 6698466658540570294

214 kae the Changer (level 5, -9/55 HPs)
             Began as a Demonspawn Transmuter on Dec 26, 2022.
             Killed by divine providence
             ... invoked by an orc priest
              (12 damage)
             ... on level 4 of the Dungeon.
             The game lasted 00:02:38 (2701 turns).

kae the Changer (Demonspawn Transmuter)             Turns: 2701, Time: 00:02:38

Health: -9/55      AC: 22    Str: 10    XL:     5   Next: 60%
Magic:  8/9        EV:  2    Int: 16    God:
Gold:   144        SH:  0    Dex: 14    Spells: 4/10 levels left

rFire   + . .      SeeInvis .      - Unarmed
rCold   + . .      Faith    .    (no shield)
rNeg    . . .      Spirit   .    (body armour currently unavailable)
rPois   +          Reflect  .    (helmet currently unavailable)
rElec   .          Harm     .    (cloak currently unavailable)
rCorr   .          Rampage  .    (gloves currently unavailable)
Will    .....      NoTele   +    (boots currently unavailable)
Stlth   +                        (no amulet)
HPRegen 0.29/turn                C - ring of protection from cold
MPRegen 0.11/turn                F - ring of protection from fire

@: confused, mighty, tree-form
A: stationary, stasis, torment immunity, boosted hp, (claws 2), (molten scales
1)
a: no special abilities


You were on level 4 of the Dungeon.
You were a tree.
You visited 1 branch of the dungeon, and saw 4 of its levels.

You collected 144 gold pieces.


Innate Abilities, Weirdness & Mutations

You are a tree.
Your roots penetrate the ground, keeping you stationary.
You cannot be teleported.
You are immune to unholy pain and torment.
Your maximum health is greatly increased.
Your equipment is partially melded.
((You have very sharp fingernails.))
((You are partially covered in molten scales. (AC +2)))


   Skills:
 - Level 1.0 Fighting
 - Level 1.7 Dodging
 + Level 3.7 Unarmed Combat
 + Level 3.2 Spellcasting
 * Level 4.0 Transmutations


You had 4 spell levels left.
You knew the following spells:

 Your Spells              Type           Power      Damage    Failure   Level
a - Beastly Appendage     Tmut           30%        N/A       3%          1
b - Wereblood             Tmut           15%        N/A       5%          2
c - Spider Form           Tmut/Pois      8%         N/A       24%         3

Your spell library contained the following spells:

 Spells                   Type           Power      Damage    Failure   Level
 Frozen Ramparts          Ice            4%         1d1       50%         3
 Ice Form                 Ice/Tmut       8%         N/A       63%         4
 Summon Ice Beast         Ice/Summ       2%         N/A       88%         4

Inventory:

Missiles
 e - 34 stones
 f - 6 javelins
 s - 4 poisoned darts
Armour
 a - a +0 robe (melded)
 m - a +2 pair of boots (melded)
   (You found it on level 1 of the Dungeon)
Jewellery
 C - a ring of protection from cold (left branch)
   (You found it on level 1 of the Dungeon)
 F - a ring of protection from fire (right branch)
   (You found it on level 1 of the Dungeon)
Wands
 r - a wand of iceblast (6)
   (You found it on level 3 of the Dungeon)
Scrolls
 c - a scroll of noise {!r}
 h - a scroll of fog
 k - 2 scrolls of amnesia
 o - a scroll of teleportation {@r4}
 p - a scroll of fear
Potions
 d - a potion of haste {unknown}
 i - a potion of heal wounds {unknown}
 j - a potion of might
 n - a potion of magic {unknown}
 q - a potion of invisibility {unknown}

Dungeon Overview and Level Annotations

Branches:
Dungeon (4/15) Zot: 21277
 Temple: D:4-7

Altars:

Shops:
D:1

( .[. .... ....
...... #
#..#..### .#
...#....######.#
.......{o..[...#
#.....o♣......#
###....o)......#
...............#
###...........#
.....$.$.†../..#
####.......<...#
##/.........#
#...........#
#..........##


You could see an orc priest and 2 orcs.


Message History

You bite the orc!
You kill the orc!
Items here: ) ? [ †. 😕 HP[+1]
You barely miss the orc priest. The orc misses you.
The orc wizard mumbles some strange words.
The orc wizard flickers and vanishes!
Deactivating autopickup; reactivate with Ctrl-A.
The orc priest hits you with a +0 war axe. 😕 HP[-3] MP[+1]
You take 3 damage, and now have 29/37 hp.
Unknown command.
You hit the orc priest but do no damage.
Your transformation is almost over.
The orc misses you.
The orc priest closely misses you. 😕 HP[+1]
You hit the orc priest but do no damage.
The orc completely misses you. Something hits you but does no damage.
The orc priest hits you with a +0 war axe. 😮 HP[-5]
You take 5 damage, and now have 25/37 hp.
You barely miss the orc priest. The orc hits you with a +0 club.
Something hits you.
The orc priest completely misses you. 😮 HP[-6]
You take 6 damage, and now have 19/37 hp.
You hit the orc priest. The orc barely misses you.
You hear some strange, mumbled words.
You are confused.
The orc barely misses you.
The orc priest hits you with a +0 war axe!
* * * LOW HITPOINT WARNING * * *
😱 HP[-11]
You take 11 damage, and now have 8/37 hp.
MASSIVE DAMAGE!! (PAUSE)
Okay, then.
You are too confused!
Really quaff
b - a potion of lignification {!q}?
Really quaff the potion of lignification?
Your transformation has ended.
Your +2 pair of boots unmelds from your body.
Your +0 robe unmelds from your body.
You turn into a tree.
Your +2 pair of boots melds into your body.
Your +0 robe melds into your body.
Your roots penetrate the ground.
The orc hits you but does no damage. Something hits you but does no damage.
The orc hits you but does no damage.
The orc priest invokes the aid of Beogh against you.
Beogh smites you!
* * * LOW HITPOINT WARNING * * *
😱 HP[-3]
You now have 55 max hp (+18).
It was a potion of curing.
You feel better. The orc hits you but does no damage.
You hear some strange, mumbled words.
You are confused.
The orc hits you but does no damage.
The orc priest barely misses you. 😨 HP[+10]
You regained 10 hp, and now have 15/55 hp.
Unknown command.
You feel better. The orc hits you but does no damage.
Something hits you but does no damage. The orc hits you but does no damage.
The orc priest hits you but does no damage. 😨 HP[+6]
You regained 6 hp, and now have 21/55 hp.
You hit the orc priest but do no damage.
The orc hits you but does no damage.
You hear some strange, mumbled words.
You are confused.
The orc hits you but does no damage.
The orc priest hits you with a +0 war axe.
* * * LOW HITPOINT WARNING * * *
😨 HP[-2]
You take 2 damage, and now have 19/55 hp.
Unknown command.
It was a potion of might.
You feel very mighty all of a sudden. The orc barely misses you.
Something hits you but does no damage. The orc hits you but does no damage.
The orc priest hits you but does no damage.
You smack something!
The orc hits you but does no damage. Something hits you but does no damage.
The orc barely misses you.
The orc priest hits you but does no damage. 😨 MP[+1]
You closely miss the orc priest. The orc hits you but does no damage.
Something hits you but does no damage. The orc hits you but does no damage.
The orc priest hits you but does no damage.
You swing at nothing.
The orc hits you but does no damage. Something hits you but does no damage.
The orc hits you but does no damage.
The orc priest invokes the aid of Beogh against you.
Beogh smites you!
* * * LOW HITPOINT WARNING * * *
😱 HP[-12]
You take 12 damage, and now have 7/55 hp.
MASSIVE DAMAGE!! (PAUSE) It was a potion of flight.
Your roots keep you in place.
The orc hits you but does no damage. Something hits you but does no damage.
The orc hits you with a +0 flail.
* * * LOW HITPOINT WARNING * * *
The orc priest calls down the wrath of Beogh upon you.
Beogh smites you!
You die...

Skill      XL: |  1  2  3  4 |
---------------+-------------+-----
Transmutations | 2 3 4 |  4.0
Unarmed Combat | 3 |  3.7
Spellcasting   | 3 |  3.2
Fighting       | |  1.0
Dodging        | |  1.7

Action                   |  1- 3 |  4- 6 || total
-------------------------+-------+-------++-------
Melee: Unarmed           |   101 |    56 ||   157
       Kick              |    18 |    10 ||    28
       Headbutt          |     6 |     5 ||    11
       Punch             |       |     1 ||     1
 Cast: Beastly Appendage |    24 |     5 ||    29
       Spider Form       |     1 |     4 ||     5
  Use: Scroll            |     7 |       ||     7
       Potion            |       |     5 ||     5
 Stab: Sleeping          |     4 |       ||     4
Armor: Robe              |    20 |     7 ||    27
       Skin              |       |    30 ||    30
Dodge: Dodged            |    62 |    54 ||   116

Levels and vault maps discovered:
D:1:      dpeg_arrival_rooms_b, layout_loops_ring, serial_shops,
          nicolae_shop_bloodbath_and_beyond, hex_medium, grunt_decor_resistance,
          minivault_24
D:2:      layout_rooms, hangedman_feature_mirror, fountainhead, glass_columns_a,
          minivault_19, st_stairs_3, serial_bayou_lake_a
D:3:      layout_basic, hellmonk_ecumenical_altar_run_dry,
          kennysheep_generic_room_14
D:4:      layout_rooms, nicolae_ashenzari_skybound, uniq_robin

Notes
Turn   | Place    | Note
-------+----------+-------------------------------------------
     0 | D:1      | kae the Demonspawn Transmuter began the quest for the Orb.
     0 | D:1      | Reached XP level 1. HP: 15/15 MP: 3/3
     0 | D:1      | magus.rc [v1.11.3]
   142 | D:1      | Reached skill level 2 in Transmutations
   154 | D:1      | You pick up a book of Rime and begin reading...
   154 | D:1      | You add the spells Frozen Ramparts and Summon Ice Beast to
                  | your library.
   315 | D:1      | Found Senoudaa's Weapon Shoppe.
   321 | D:1      | Gained mutation: You have sharp fingernails. [demonic
                  | ancestry]
   321 | D:1      | Reached XP level 2. HP: 19/21 MP: 3/5
   876 | D:1      | Reached skill level 3 in Unarmed Combat
   880 | D:1      | Learned a level 2 spell: Wereblood
   887 | D:2      | Gained mutation: You are partially covered in molten
                  | scales. (AC +2) [demonic ancestry]
   887 | D:2      | Reached XP level 3. HP: 23/26 MP: 4/6
   893 | D:2      | Learned a level 3 spell: Spider Form
  1773 | D:3      | Reached skill level 3 in Transmutations
  1829 | D:3      | Found a faded altar of an unknown god.
  1862 | D:3      | Gained mutation: You have very sharp fingernails. [demonic
                  | ancestry]
  1862 | D:3      | Reached XP level 4. HP: 32/32 MP: 5/7
  2480 | D:4      | Noticed a black bear
  2617 | D:4      | Killed a black bear
  2618 | D:4      | Reached skill level 3 in Spellcasting
  2618 | D:4      | Reached skill level 4 in Transmutations
  2618 | D:4      | Reached XP level 5. HP: 14/37 MP: 4/9
  2692 | D:4      | HP: 8/37 [orc priest/+0 war axe (11)]
  2700 | D:4      | HP: 7/55 [orc priest/divine providence (13)]
  2701 | D:4      | HP: 3/55 [orc/+0 flail (4)]
  2701 | D:4      | Killed from afar by an orc priest

Vanquished Creatures
  A black bear (D:4)
  A hound (D:3)
  3 adders
  An ufetubus (D:3)
  A worm (D:2)
  A dart slug (D:2)
  An orc (D:4)
  4 bats
  3 endoplasms
  4 giant cockroaches
  4 goblins
  8 hobgoblins
  3 jackals (D:2)
  5 kobolds
  A quokka (D:2)
  6 ball pythons
  4 frilled lizards (D:1)
  2 rats
53 creatures vanquished.

Table legend:
 A = Non-vault XP
 B = Vault XP
 C = Vault XP percentage of total XP
 D = Non-vault monster count
 E = Vault monster count
 F = Vault count percentage of total count
                 A         B        C        D         E       F
            +---------+---------+-------+---------+---------+-------
      Total |     302 |       5 |   1.6 |      50 |       3 |   5.7
            +---------+---------+-------+---------+---------+-------
        D:1 |      37 |       0 |   0.0 |      16 |       0 |   0.0
        D:2 |      44 |       3 |   6.4 |      21 |       2 |   8.7
        D:3 |      88 |       2 |   2.2 |      10 |       1 |   9.1
        D:4 |     133 |       0 |   0.0 |       3 |       0 |   0.0
            +---------+---------+-------+---------+---------+-------

Illustrated notes

Table legend:
 A = Kills in this place as a percentage of kills in entire the game.
 B = Kills by you in this place as a percentage of kills by you in the entire game.
 C = Kills by friends in this place as a percentage of kills by friends in the entire game.
 D = Other kills in this place as a percentage of other kills in the entire game.
 E = Experience gained in this place as a percentage of experience gained in the entire game.
 F = Experience gained in this place divided by the number of levels of this place that you have seen.
                   A       B       C       D       E      F
               +-------+-------+-------+-------+-------+----------------------
         Total | 100.0 | 100.0 |   N/A |   N/A | 100.0 |  76.8
       Dungeon | 100.0 | 100.0 |   N/A |   N/A | 100.0 |  76.8
               +-------+-------+-------+-------+-------+----------------------

Table legend: (Time is in decaauts)
 A = Elapsed time spent in this place.
 B = Non-inter-level travel time spent in this place.
 C = Inter-level travel time spent in this place.
 D = Time resting spent in this place.
 E = Time spent auto-exploring this place.
 F = Levels seen in this place.
 G = Mean time per level.
                   A        B        C        D        E       F      G
               +--------+--------+--------+--------+--------+-----+--------+
         Total |   2721 |   2569 |    152 |     72 |   2027 |   4 |  680.2 |
       Dungeon |   2721 |   2569 |    152 |     72 |   2027 |   4 |  680.2 |
               +--------+--------+--------+--------+--------+-----+--------+

Top non-repeatable levels by time:
     D:2: 875 daAuts
     D:1: 869 daAuts
     D:3: 839 daAuts
     D:4: 136 daAuts
